PA
CHICAGO TULA @ YELLOWKNIFE DRAGONBLOOD
06/22/2025
 
TOP OF THE 1ST
Chicago Tula batting - Pitching for Yellowknife Dragonblood : RHP Cecil Szatkowski
Pitching: RHP Cecil Szatkowski
Batting: LHB César Gonzáles 0-0: Called Strike
0-1: Called Strike
0-2: Ball
1-2: Strikes out looking
Batting: RHB Ken Sandoval 0-0: Ball
1-0: SINGLE (Flyball, 9LS)
Batting: RHB Paul Dawsey 0-0: Called Strike
0-1: Foul Ball, location: 2F
0-2: Ball
1-2: Ball
2-2: Fly out, F7 (Flyball, 7LMF)
Batting: RHB Héctor Rivera 0-0: Called Strike
0-1: Fielders Choice at 2nd, 5-4 (Groundball, 5L)
Top of the 1st over - 0 run(s), 1 hit(s), 0 error(s), 0 left on base; Chicago 0 - Yellowknife 0
BOTTOM OF THE 1ST
Yellowknife Dragonblood batting - Pitching for Chicago Tula : LHP Gerardo Pagán
Pitching: LHP Gerardo Pagán
Batting: RHB Louis Gibbons 0-0: Ball
1-0: Called Strike
1-1: Ball
2-1: Called Strike
2-2: Strikes out swinging
Batting: LHB Colin Worthington 0-0: Ball
1-0: Ball
2-0: Called Strike
2-1: Ball
3-1: Called Strike
3-2: Ground out 4-3 (Groundball, 4)
Batting: RHB Felipe Campos 0-0: Ball
1-0: Ball
2-0: Called Strike
2-1: Fly out, F7 (Line Drive, 7)
Bottom of the 1st over - 0 run(s), 0 hit(s), 0 error(s), 0 left on base; Chicago 0 - Yellowknife 0
TOP OF THE 2ND
Chicago Tula batting - Pitching for Yellowknife Dragonblood : RHP Cecil Szatkowski
Batting: RHB Christian Hoover 0-0: Ball
1-0: Ball
2-0: Swinging Strike
2-1: Foul Ball, location: 2F
2-2: SINGLE (Groundball, 6MD)
Batting: RHB Dave Yates 0-0: Called Strike
0-1: Foul Ball, location: 2F
0-2: Ball
1-2: Foul Ball, location: 2F
1-2: Strikes out swinging
Batting: RHB Jouo Hirschovits 0-0: Ball
1-0: Fly out, F9 (Flyball, 9)
Batting: RHB Jorge Alfiche 0-0: Ball
1-0: Ball
2-0: Ball
3-0: Base on Balls
Christian Hoover to second
Batting: LHB Dana Waldrip 0-0: Foul Ball, location: 2F
0-1: Called Strike
0-2: Ball
1-2: SINGLE (Groundball, 56D)
Christian Hoover to third
Jorge Alfiche to second
Runner from 3rd tries for Home, SAFE, no throw
Batting: LHB César Gonzáles 0-0: Swinging Strike
0-1: Ball
1-1: Foul Ball, location: 2F
1-2: DOUBLE (Line Drive, 89M)
Jorge Alfiche scores
Dana Waldrip to third
Runner from 3rd tries for Home, throw and OUT!
Top of the 2nd over - 2 run(s), 3 hit(s), 0 error(s), 1 left on base; Chicago 2 - Yellowknife 0
BOTTOM OF THE 2ND
Yellowknife Dragonblood batting - Pitching for Chicago Tula : LHP Gerardo Pagán
Batting: RHB Anselmo Berneu 0-0: Ball
1-0: Foul Ball, location: 2F
1-1: Ball
2-1: Ball
3-1: Swinging Strike
3-2: Foul Ball, location: 2F
3-2: Base on Balls
Batting: RHB Arturo Sánchez 0-0: Ball
1-0: Ball
2-0: Foul Ball, location: 2F
2-1: Fielders Choice at 2nd, 4-6 (Groundball, 4M)
Batting: SHB Daniel Godart 0-0: Fly out, F9 (Flyball, 9LM)
Batting: RHB Keith Kamen 0-0: Ball
1-0: Called Strike
1-1: Ball
2-1: Swinging Strike
2-2: Strikes out swinging
Bottom of the 2nd over - 0 run(s), 0 hit(s), 0 error(s), 1 left on base; Chicago 2 - Yellowknife 0
TOP OF THE 3RD
Chicago Tula batting - Pitching for Yellowknife Dragonblood : RHP Cecil Szatkowski
Batting: RHB Ken Sandoval 0-0: Ball
1-0: Ball
2-0: Called Strike
2-1: Foul Ball, location: 2F
2-2: Ball
3-2: Foul Ball, location: 2F
3-2: Foul Ball, location: 2F
3-2: Foul Ball, location: 2F
3-2: Strikes out looking
Batting: RHB Paul Dawsey 0-0: Ball
1-0: Ball
2-0: Ball
3-0: Called Strike
3-1: Ground out 6-3 (Groundball, 6S)
Batting: RHB Héctor Rivera 0-0: Ball
1-0: Ball
2-0: Ground out 1-3 (Groundball, 13)
Top of the 3rd over - 0 run(s), 0 hit(s), 0 error(s), 0 left on base; Chicago 2 - Yellowknife 0
BOTTOM OF THE 3RD
Yellowknife Dragonblood batting - Pitching for Chicago Tula : LHP Gerardo Pagán
Batting: LHB Tynan McFetridge 0-0: Ball
1-0: Called Strike
1-1: Ground out U3 (Groundball, 34)
Batting: RHB IV Seacat 0-0: Ball
1-0: Ball
2-0: Called Strike
2-1: Ball
3-1: Ground out 6-3 (Groundball, 6)
Batting: RHB Louis Gibbons 0-0: Ball
1-0: Ball
2-0: Ball
3-0: Base on Balls
Batting: LHB Colin Worthington 0-0: Called Strike
Louis Gibbons is caught stealing 2nd base
Bottom of the 3rd over - 0 run(s), 0 hit(s), 0 error(s), 0 left on base; Chicago 2 - Yellowknife 0
TOP OF THE 4TH
Chicago Tula batting - Pitching for Yellowknife Dragonblood : RHP Cecil Szatkowski
Batting: RHB Christian Hoover 0-0: Swinging Strike
0-1: Ground out 6-3 (Groundball, 56)
Batting: RHB Dave Yates 0-0: Ball
1-0: Called Strike
1-1: Ball
2-1: Foul Ball, location: 2F
2-2: Ball
3-2: Foul Ball, location: 2F
3-2: Strikes out looking
Batting: RHB Jouo Hirschovits 0-0: Ball
1-0: Ball
2-0: Swinging Strike
2-1: Swinging Strike
2-2: Strikes out looking
Top of the 4th over - 0 run(s), 0 hit(s), 0 error(s), 0 left on base; Chicago 2 - Yellowknife 0
BOTTOM OF THE 4TH
Yellowknife Dragonblood batting - Pitching for Chicago Tula : LHP Gerardo Pagán
Batting: LHB Colin Worthington 0-0: Ball
1-0: Called Strike
1-1: Ball
2-1: Fly out, F7 (Flyball, 7LSF)
Batting: RHB Felipe Campos 0-0: Foul Ball, location: 2F
0-1: Called Strike
0-2: Foul Ball, location: 2F
0-2: Ball
1-2: Foul Ball, location: 2F
1-2: Strikes out looking
Batting: RHB Anselmo Berneu 0-0: Ball
1-0: Called Strike
1-1: Fly out, F7 (Flyball, 7S)
Bottom of the 4th over - 0 run(s), 0 hit(s), 0 error(s), 0 left on base; Chicago 2 - Yellowknife 0
TOP OF THE 5TH
Chicago Tula batting - Pitching for Yellowknife Dragonblood : RHP Cecil Szatkowski
Batting: RHB Jorge Alfiche 0-0: Called Strike
0-1: Ball
1-1: Foul Ball, location: 2F
1-2: Foul Ball, location: 2F
1-2: Foul Ball, location: 2F
1-2: Ball
2-2: Foul Ball, location: 2F
2-2: Strikes out swinging
Batting: LHB Dana Waldrip 0-0: Ball
1-0: Ground out 3-1 (Groundball, 34)
Batting: LHB César Gonzáles 0-0: Called Strike
0-1: Ball
1-1: Called Strike
1-2: Ball
2-2: Foul Ball, location: 2F
2-2: Foul Ball, location: 2F
2-2: SINGLE (Line Drive, 7LS)
Pitching: RHP Víctor Solís
Batting: RHB Ken Sandoval 0-0: Called Strike
0-1: Hit by Pitch
César Gonzáles to second
Batting: RHB Paul Dawsey 0-0: Ball
1-0: Ball
2-0: Fielders Choice at 2nd, 6-4 (Groundball, 6)
Top of the 5th over - 0 run(s), 1 hit(s), 0 error(s), 1 left on base; Chicago 2 - Yellowknife 0
BOTTOM OF THE 5TH
Yellowknife Dragonblood batting - Pitching for Chicago Tula : LHP Gerardo Pagán
Batting: RHB Arturo Sánchez 0-0: Ball
1-0: Ball
2-0: Ground out 6-3 (Groundball, 6)
Batting: SHB Daniel Godart 0-0: Called Strike
0-1: Swinging Strike
0-2: Foul Ball, location: 2F
0-2: Ball
1-2: Foul Ball, location: 2F
1-2: Foul Ball, location: 2F
1-2: SINGLE (Groundball, 6M) (infield hit)
Batting: RHB Keith Kamen 0-0: Ball
1-0: Ball
2-0: SINGLE (Line Drive, 78S)
Daniel Godart to second
Batting: LHB Tynan McFetridge 0-0: Foul Ball, location: 2F
Balk!
Daniel Godart to third
Keith Kamen to second
0-1: Ball
1-1: Foul Ball, location: 2F
1-2: Ground out 4-3 (Groundball, 4)
Daniel Godart scores
Keith Kamen to third
Batting: RHB IV Seacat 0-0: Ball
1-0: Foul Ball, location: 2F
1-1: SINGLE (Line Drive, 89S)
Keith Kamen scores
Batting: RHB Louis Gibbons 0-0: Called Strike
IV Seacat steals 2nd base
0-1: Ball
1-1: Ground out 4-3 (Groundball, 34)
Bottom of the 5th over - 2 run(s), 3 hit(s), 0 error(s), 1 left on base; Chicago 2 - Yellowknife 2
TOP OF THE 6TH
Chicago Tula batting - Pitching for Yellowknife Dragonblood : RHP Víctor Solís
Batting: RHB Héctor Rivera 0-0: Ball
1-0: Ball
2-0: Fly out, F8 (Flyball, 78XD)
Batting: RHB Christian Hoover 0-0: Fly out, F8 (Flyball, 8LM)
Batting: RHB Dave Yates 0-0: Ball
1-0: Foul Ball, location: 2F
1-1: Called Strike
1-2: Strikes out looking
Top of the 6th over - 0 run(s), 0 hit(s), 0 error(s), 0 left on base; Chicago 2 - Yellowknife 2
BOTTOM OF THE 6TH
Yellowknife Dragonblood batting - Pitching for Chicago Tula : LHP Gerardo Pagán
Batting: LHB Colin Worthington 0-0: Foul Ball, location: 2F
0-1: Foul Ball, location: 2F
0-2: Strikes out swinging
Batting: RHB Felipe Campos 0-0: Swinging Strike
0-1: Foul Ball, location: 2F
0-2: Ball
1-2: Strikes out swinging
Batting: RHB Anselmo Berneu 0-0: Ball
1-0: Called Strike
1-1: Fly out, F8 (Flyball, 8LM)
Bottom of the 6th over - 0 run(s), 0 hit(s), 0 error(s), 0 left on base; Chicago 2 - Yellowknife 2
TOP OF THE 7TH
Chicago Tula batting - Pitching for Yellowknife Dragonblood : RHP Víctor Solís
Pinch Hitting: SHB Alfredo González 0-0: Foul Ball, location: 2F
0-1: Ball
1-1: Foul Ball, location: 2F
1-2: Ground out 1-3 (Groundball, 15S)
Batting: RHB Jorge Alfiche 0-0: Called Strike
0-1: Swinging Strike
0-2: Foul Ball, location: 2F
0-2: Ground out 1-3 (Groundball, 13)
Batting: LHB Dana Waldrip 0-0: Ball
1-0: Ball
2-0: Called Strike
2-1: Ball
3-1: Ground out 6-3 (Groundball, 6)
Top of the 7th over - 0 run(s), 0 hit(s), 0 error(s), 0 left on base; Chicago 2 - Yellowknife 2
BOTTOM OF THE 7TH
Yellowknife Dragonblood batting - Pitching for Chicago Tula : LHP Gerardo Pagán
Now at 3B: Alfredo González
Batting: RHB Arturo Sánchez 0-0: Foul Ball, location: 2F
0-1: Foul Ball, location: 2F
0-2: Strikes out swinging
Pinch Hitting: SHB Zachary Burriss 0-0: Ball
1-0: Called Strike
1-1: Ball
2-1: Called Strike
2-2: Ball
3-2: Ground out U3 (Groundball, 34)
Pinch Hitting: LHB Ramón Guzmán 0-0: Called Strike
0-1: Ball
1-1: Ball
2-1: Ball
3-1: Swinging Strike
3-2: Fly out, F3 (Popup, 3S)
Bottom of the 7th over - 0 run(s), 0 hit(s), 0 error(s), 0 left on base; Chicago 2 - Yellowknife 2
TOP OF THE 8TH
Chicago Tula batting - Pitching for Yellowknife Dragonblood : RHP Víctor Solís
Now at 1B: John O'Day
Now in RF: Ramón Guzmán
Pinch Hitting: LHB Gerald Kaufman 0-0: Called Strike
0-1: Swinging Strike
0-2: Ball
1-2: Strikes out swinging
Batting: RHB Ken Sandoval 0-0: Ground out 6-3 (Groundball, 6)
Batting: RHB Paul Dawsey 0-0: Called Strike
0-1: Ball
1-1: Called Strike
1-2: Fly out, F8 (Flyball, 8RM)
Top of the 8th over - 0 run(s), 0 hit(s), 0 error(s), 0 left on base; Chicago 2 - Yellowknife 2
BOTTOM OF THE 8TH
Yellowknife Dragonblood batting - Pitching for Chicago Tula : LHP Gerardo Pagán
Pitching: RHP Juan Valdéz
Now in RF: Gerald Kaufman
Batting: LHB Tynan McFetridge 0-0: Swinging Strike
0-1: Foul Ball, location: 2F
0-2: Strikes out swinging
Batting: RHB IV Seacat 0-0: Foul Ball, location: 2F
0-1: Swinging Strike
0-2: Fly out, F8 (Flyball, 8LM)
Batting: RHB Louis Gibbons 0-0: SINGLE (Line Drive, 4MD)
Batting: LHB Colin Worthington 0-0: Ball
Louis Gibbons is caught stealing 2nd base
Bottom of the 8th over - 0 run(s), 1 hit(s), 0 error(s), 0 left on base; Chicago 2 - Yellowknife 2
TOP OF THE 9TH
Chicago Tula batting - Pitching for Yellowknife Dragonblood : RHP Víctor Solís
Pitching: RHP Derrick Quispe
Batting: RHB Héctor Rivera 0-0: Foul Ball, location: 2F
0-1: Ball
1-1: Swinging Strike
1-2: Ball
2-2: Foul Ball, location: 2F
2-2: Ball
3-2: Foul Ball, location: 2F
3-2: SINGLE (Groundball, 6MD)
Pinch Runner at 1st José Olvera:
Batting: RHB Christian Hoover 0-0: Ball
1-0: SINGLE (Line Drive, 7)
José Olvera to second
Batting: RHB Dave Yates 0-0: Bunted foul
0-1: Sac Bunt - play at first, batter OUT! 5-4
José Olvera to third
Christian Hoover to second
Batting: SHB Alfredo González 0-0: Reached on error, E8 (Flyball, 8LS)
José Olvera scores
Christian Hoover to third
Batting: RHB Jorge Alfiche 0-0: Called Strike
0-1: Called Strike
0-2: Ball
1-2: Foul Ball, location: 2F
1-2: Foul Ball, location: 2F
1-2: Ball
2-2: Foul Ball, location: 2F
2-2: Foul Ball, location: 2F
2-2: Fly out, F9 (Flyball, 9S)
Batting: LHB Dana Waldrip 0-0: Fly out, F7 (Flyball, 7)
Top of the 9th over - 1 run(s), 2 hit(s), 1 error(s), 2 left on base; Chicago 3 - Yellowknife 2
BOTTOM OF THE 9TH
Yellowknife Dragonblood batting - Pitching for Chicago Tula : RHP Juan Valdéz
Pitching: RHP Eddie Schmitt
Now in LF: Paul Ristau
Batting: LHB Colin Worthington 0-0: Ball
1-0: Called Strike
1-1: Foul Ball, location: 2F
1-2: Ball
2-2: Ball
3-2: Base on Balls
Pinch Hitting: LHB Armentario Holguin 0-0: Called Strike
0-1: Fly out, F8 (Flyball, 8LM)
Batting: RHB Anselmo Berneu 0-0: Ball
1-0: Ball
2-0: Foul Ball, location: 2F
2-1: Ball
3-1: Base on Balls
Colin Worthington to second
Batting: RHB Arturo Sánchez 0-0: Called Strike
0-1: Ball
1-1: Ball
2-1: Foul Ball, location: 2F
2-2: Strikes out swinging
Batting: LHB John O'Day 0-0: Called Strike
0-1: Ball
1-1: Ball
2-1: Foul Ball, location: 2F
2-2: Fly out, F8 (Flyball, 8RM)
Bottom of the 9th over - 0 run(s), 0 hit(s), 0 error(s), 2 left on base; Chicago 3 - Yellowknife 2
Friday, December 30th, 2016 - OOTP Baseball 17.12 Build 75